[Event "Titled Tuesday Blitz August 15 Early 2023"]
[White "Souleidis, Georgios"]
[Black "Rietze, Clemens, Dr."]
[WhiteFideId "4206827"]
[BlackFideId "24620351"]
[WhiteElo "2542"]
[BlackElo "2415"]
[Result "0-1"]
[Round "11"]
[TimeControl "180+1"]
[Date "2023.08.15"]
[WhiteClock "0:00:02"]
[BlackClock "0:00:19"]
[Board "84"]

1. e4 c5 2. Nf3 Nc6 3. Bc4 e6 4. O-O d5 5. Bb5 dxe4 6. Ne5 Qd5 7. Nxc6 bxc6 8. Nc3 Qd7 9. Bc4 Nf6 10. Qe2 Qd4 11. b3 Bd6 12. Bb2 Qe5 13. g3 O-O 14. Rab1 Qf5 15. Rbe1 Qh3 16. Nxe4 Nxe4 17. Qxe4 Bd7 18. d4 Qh5 19. Rd1 Rad8 20. Be2 Qd5 21. Qg4 e5 22. Qh4 cxd4 23. c3 c5 24. cxd4 cxd4 25. Bc4 Qa8 26. Rxd4 Be7 27. Qxe7 exd4 28. Bxd4 Qf3 29. Qe5 Qg4 30. f3 Qg6 31. Bd3 Qh6 32. Be3 Qc6 33. Be4 Qe6 34. Qxe6 Bxe6 35. Bxa7 Rd2 36. Rf2 Rfd8 37. Be3 Rd1+ 38. Kg2 Ra1 39. f4 f5 40. Bf3 Bd5 41. Bc5 Bxf3+ 42. Kxf3 Rd3+ 43. Kg2 Rdd1 44. a3 Rdb1 45. Rf3 Ra2+ 46. Kh3 Rbb2 47. Bg1 Rxa3 48. g4 fxg4+ 49. Kxg4 Rbxb3 50. Rxb3 Rxb3 51. h4 Rb1 52. Bd4 Rf1 53. Be5 Kf7 54. Kg3 Rg1+ 55. Kf2 Rb1 56. Kg3 Rb3+ 57. Kg4 Rb1 58. h5 Rg1+ 59. Kf5 g6+ 60. hxg6+ hxg6+ 61. Ke4 Ke6 62. Bb8 Re1+ 63. Kf3 Kf5 64. Bc7 Rc1 65. Bb8 Rc8 66. Bd6 Rd8 67. Bc7 Rd3+ 68. Ke2 Ke4 69. Bb8 Rf3 70. Bc7 Rxf4 71. Bxf4 Kxf4 72. Kf2 g5 73. Kg2 Kg4 74. Kh2 Kf3 75. Kg1 Kg3 0-1


[Site "https://www.chess.com"]

[Event "Titled Tuesday Blitz August 15 Early 2023"]
[White "Nguyen Hong Anh"]
[Black "Kozelov, Roman"]
[WhiteFideId "12406732"]
[BlackFideId "14133377"]
[WhiteElo "2539"]
[BlackElo "2413"]
[Result "1-0"]
[Round "11"]
[TimeControl "180+1"]
[Date "2023.08.15"]
[WhiteClock "0:02:14"]
[BlackClock "0:02:00"]
[Board "85"]

1. d4 d5 2. c4 e5 3. dxe5 d4 4. Nf3 Nc6 5. g3 Be6 6. Bg2 Bxc4 7. O-O Nge7 8. Nbd2 Bd5 9. Nb3 Bxf3 10. Bxf3 Qd7 11. Nc5 Qf5 12. Nxb7 Nxe5 13. Nd6+ cxd6 14. Bxa8 N7g6 15. Qxd4 Be7 16. Be4 Qe6 17. Bd5 Qh3 18. Bg2 Qd7 19. Be3 O-O 20. Qxa7 Qg4 21. h3 Qxe2 22. Rfd1 Qxb2 23. a4 Bf6 24. a5 Nc4 25. Bd4 Bxd4 26. Qxd4 Qxd4 27. Rxd4 1-0


[Site "https://www.chess.com"]

[Event "Titled Tuesday Blitz August 15 Early 2023"]
[White "Bashirli, Saadat"]
[Black "Hajiyev, Kanan"]
[WhiteFideId "13429990"]
[BlackFideId "13404148"]
[WhiteElo "2369"]
[BlackElo "2530"]
[Result "1/2-1/2"]
[Round "11"]
[TimeControl "180+1"]
[Date "2023.08.15"]
[WhiteClock "0:00:44"]
[BlackClock "0:01:24"]
[Board "86"]

1. d4 Nf6 2. e3 e6 3. Bd3 c5 4. c3 b6 5. f4 Bb7 6. Nf3 Be7 7. O-O O-O 8. Nbd2 d5 9. Qe2 Nc6 10. b3 Rc8 11. Bb2 a5 12. a4 cxd4 13. exd4 Bd6 14. Ne5 g6 15. Rf3 Kg7 16. Rh3 Ne7 17. g4 Bxe5 18. fxe5 Ne4 19. Nxe4 dxe4 20. Bxe4 Bxe4 21. Qxe4 h6 22. Rf1 Qd5 23. Qf4 Ng8 24. c4 Qd7 25. d5 Qe7 26. Qd4 Qc5 27. Qxc5 bxc5 28. d6 Rb8 29. Ba3 Rfc8 30. Rhf3 Rb7 31. Rb1 g5 32. h3 Rcb8 33. Bxc5 Rc8 34. Bd4 Kf8 35. c5 Ke8 36. Rc1 Rc6 37. Kf2 Kd8 38. Rcc3 Ke8 39. Ke3 Kd8 40. Kd3 Ke8 41. Kc2 Kd8 42. Rc4 Ke8 43. Bc3 Ra7 44. Bd4 Rb7 45. Rcc3 Rb4 46. Rc4 Rb7 1/2-1/2


[Site "https://www.chess.com"]

[Event "Titled Tuesday Blitz August 15 Early 2023"]
[White "Al-Tarboush, Ward"]
[Black "Polaczek, Richard"]
[WhiteFideId "7601450"]
[BlackFideId "200026"]
[WhiteElo "2528"]
[BlackElo "2362"]
[Result "1-0"]
[Round "11"]
[TimeControl "180+1"]
[Date "2023.08.15"]
[WhiteClock "0:00:12"]
[BlackClock "0:00:05"]
[Board "87"]

1. e4 Nf6 2. e5 Nd5 3. d4 d6 4. Nf3 g6 5. c4 Nb6 6. Nc3 Bg7 7. exd6 cxd6 8. Be2 O-O 9. O-O Nc6 10. Be3 Bg4 11. b3 d5 12. c5 Nc8 13. h3 Bxf3 14. Bxf3 e6 15. b4 a6 16. Rb1 N8e7 17. a4 Nf5 18. Ne2 Nh4 19. Ng3 Qf6 20. Be2 Nxd4 21. b5 axb5 22. axb5 Nhf5 23. Nxf5 Nxf5 24. c6 bxc6 25. bxc6 Nxe3 26. fxe3 Qe5 27. Rf3 Rfc8 28. Bb5 Ra3 29. Qf1 f5 30. Ba6 Rxc6 31. Qb5 Qc7 32. Bb7 Rc1+ 33. Rf1 Rxf1+ 34. Rxf1 Bh6 35. Qe8+ Kg7 36. Bc6 Qf7 37. Qb8 Bxe3+ 38. Kh1 Rc3 39. Be8 Qf6 40. Ra1 Rc1+ 41. Rxc1 Bxc1 42. Qc7+ Kh6 43. Qxc1+ Kg7 44. Qc7+ Kh6 45. Bb5 d4 46. Kh2 e5 47. Bc4 e4 48. Bg8 d3 49. Qxh7+ Kg5 50. Qc7 f4 51. Qc5+ Kh6 52. Qd5 Qf5 53. Qd4 e3 54. h4 Kh5 55. Qh8+ Kg4 56. Qh6 f3 57. Be6 f2 58. Qg5# 1-0


[Site "https://www.chess.com"]

[Event "Titled Tuesday Blitz August 15 Early 2023"]
[White "Santos Flores, Alberto"]
[Black "Ovezdurdyyeva, Jemal"]
[WhiteFideId "3601234"]
[BlackFideId "14001888"]
[WhiteElo "2526"]
[BlackElo "2398"]
[Result "1-0"]
[Round "11"]
[TimeControl "180+1"]
[Date "2023.08.15"]
[WhiteClock "0:01:45"]
[BlackClock "0:00:19"]
[Board "88"]

1. e4 d6 2. d4 Nf6 3. Nc3 g6 4. Be3 c6 5. Qd2 h5 6. Nf3 b5 7. Bd3 b4 8. Ne2 Bg7 9. h3 O-O 10. Bh6 a5 11. g4 Nbd7 12. e5 dxe5 13. dxe5 Nh7 14. gxh5 Nxe5 15. Nxe5 Bxe5 16. O-O-O Bg7 17. hxg6 fxg6 18. Bc4+ 1-0


[Site "https://www.chess.com"]

[Event "Titled Tuesday Blitz August 15 Early 2023"]
[White "Kashefi, Amir Hosein"]
[Black "Bogaudinov, Rushan"]
[WhiteFideId "12557935"]
[BlackFideId "4129288"]
[WhiteElo "2511"]
[BlackElo "2354"]
[Result "1-0"]
[Round "11"]
[TimeControl "180+1"]
[Date "2023.08.15"]
[WhiteClock "0:00:12"]
[BlackClock "0:00:12"]
[Board "90"]

1. Nf3 d5 2. c4 d4 3. e3 c5 4. b4 Bg4 5. bxc5 Nc6 6. Qb3 Bxf3 7. gxf3 Rb8 8. Bb2 e5 9. Qa4 Bxc5 10. Rg1 Kf8 11. Na3 Nge7 12. Qb5 Qd6 13. Qb3 a6 14. Nc2 h5 15. e4 Rh6 16. d3 Rf6 17. Ke2 Ng6 18. Bc1 b5 19. cxb5 Rxb5 20. Qa4 Rb6 21. Bh3 Nf4+ 22. Bxf4 Rxf4 23. Rab1 Nb4 24. Nxb4 Bxb4 25. a3 Bc5 26. Rxb6 Qxb6 27. Rc1 g6 28. Rc2 Kg7 29. Bd7 Be7 30. Qc6 Qxc6 31. Rxc6 a5 32. a4 Bb4 33. Rc7 Kf8 34. Rb7 Rh4 35. h3 Rf4 36. Bc6 Rf6 37. Bd5 Kg7 38. Kd1 Rxf3 39. Ke2 Rf4 40. f3 g5 41. Be6 Rf6 42. Bf5 Kf8 43. Rc7 Bc3 44. Rc8+ Kg7 45. Rb8 Rd6 46. Rb7 Kf6 47. Bh7 Bb4 48. Bg8 Rc6 49. Bxf7 Rc2+ 50. Kf1 Rd2 51. Bc4 g4 52. fxg4 hxg4 53. hxg4 Kg5 54. Rf7 Kxg4 55. Rf5 Ra2 56. Bxa2 Bd6 57. Bb3 Bc7 58. Bc4 Bd6 59. Rf7 Kg3 60. Rf5 Bb4 61. Bb3 Bd6 62. Bd1 Kh3 63. Rf3+ Kg4 64. Kg2 Kg5 65. Rf5+ Kg6 66. Kh3 Be7 67. Bh5+ Kg7 68. Rf7+ Kh6 69. Rxe7 Kg5 70. Rxe5+ Kf4 71. Rxa5 Ke3 72. Rd5 Kxd3 73. a5 Kxe4 74. a6 Kxd5 75. a7 Kc4 76. a8=Q Kc3 77. Qc6+ Kb2 78. Qc4 d3 79. Qxd3 Kc1 80. Kh4 Kb2 81. Kg5 Ka1 82. Kh6 Kb2 83. Kh7 Ka1 84. Kh8 Kb2 85. Bg6 Ka1 86. Qb1# 1-0


[Site "https://www.chess.com"]

[Event "Titled Tuesday Blitz August 15 Early 2023"]
[White "Tikhonov, Viacheslav"]
[Black "Ziatdinov, Raset"]
[WhiteFideId "44196407"]
[BlackFideId "2015323"]
[WhiteElo "2511"]
[BlackElo "2351"]
[Result "1-0"]
[Round "11"]
[TimeControl "180+1"]
[Date "2023.08.15"]
[WhiteClock "0:00:35"]
[BlackClock "0:00:07"]
[Board "91"]

1. d4 Nf6 2. c4 g6 3. Nc3 Bg7 4. e4 d6 5. Bd3 O-O 6. Nf3 e5 7. d5 Ne8 8. h4 h6 9. Qc2 Nd7 10. Be3 b6 11. h5 g5 12. Nd2 Nc5 13. f3 Nxd3+ 14. Qxd3 f5 15. exf5 Bxf5 16. Nde4 Nf6 17. O-O-O Nxe4 18. Nxe4 a6 19. Kb1 b5 20. c5 Qe7 21. Rc1 Rfc8 22. Rc2 Bh7 23. Rhc1 Qd7 24. Qe2 Bxe4 25. fxe4 Kh8 26. c6 Qe7 27. Rf1 Rf8 28. Rcc1 Rxf1 29. Rxf1 Rf8 30. a4 Rb8 31. axb5 Rxb5 32. Kc2 Qd8 33. Ra1 Qb8 34. Bc1 a5 35. Qe3 Rc5+ 36. Kb1 Qb4 37. Bd2 Qc4 38. Bc3 Qf1+ 39. Ka2 Qc4+ 40. Kb1 Qf1+ 41. Qc1 Qxg2 42. Qc2 Qf1+ 43. Ka2 Qc4+ 44. Qb3 Qxe4 45. Qb8+ Kh7 46. Qxc7 Qxd5+ 47. Kb1 Qd1+ 48. Ka2 a4 49. Qf7 Qb3+ 50. Qxb3 axb3+ 51. Kxb3 Rxc6 52. Ra7 Kg8 53. Rd7 g4 54. Be1 e4 55. Bg3 Rb6+ 56. Kc4 Rxb2 57. Rxd6 Rd2 58. Rxd2 e3 59. Re2 Kf7 60. Rxe3 Kf6 61. Be5+ Kf7 62. Bxg7 Kxg7 63. Rg3 Kf6 64. Rxg4 Kf5 65. Rg6 Kf4 66. Rxh6 Kg5 67. Rh8 Kf6 68. h6 Kg6 69. Kd5 Kf7 70. Ke5 Kg6 71. Ke6 Kh5 72. Kf6 Kh4 73. Rg8 Kh5 74. h7 Kh6 75. h8=Q# 1-0


[Site "https://www.chess.com"]

[Event "Titled Tuesday Blitz August 15 Early 2023"]
[White "Saito, Vinicius"]
[Black "FunnyDuck66"]
[WhiteFideId "2113384"]
[WhiteElo "2348"]
[BlackElo "2500"]
[Result "0-1"]
[Round "11"]
[TimeControl "180+1"]
[Date "2023.08.15"]
[WhiteClock "0:01:59"]
[BlackClock "0:02:03"]
[Board "92"]

1. e4 c6 2. d4 d5 3. e5 Bf5 4. h4 h5 5. Bd3 Bxd3 6. Qxd3 Qa5+ 7. Nd2 e6 8. Nf3 Qa6 9. c4 Ne7 10. b3 Nd7 11. O-O Nf5 12. Qc3 Be7 13. g3 O-O 14. a4 b6 15. Ba3 Bxa3 16. Rxa3 Qb7 17. Ra2 Rfc8 18. Qd3 c5 19. cxd5 Qxd5 20. Rd1 cxd4 21. Nc4 Nc5 22. Qb1 Qxf3 0-1


[Site "https://www.chess.com"]

[Event "Titled Tuesday Blitz August 15 Early 2023"]
[White "EvgenyBurmakin"]
[Black "Nguyen Hong Nhung"]
[BlackFideId "12412201"]
[WhiteElo "2304"]
[BlackElo "2492"]
[Result "0-1"]
[Round "11"]
[TimeControl "180+1"]
[Date "2023.08.15"]
[WhiteClock "0:00:10"]
[BlackClock "0:00:45"]
[Board "93"]

1. e4 c5 2. Nc3 e6 3. Nf3 Nc6 4. d4 cxd4 5. Nxd4 Qc7 6. Be3 a6 7. Be2 b5 8. a3 Bb7 9. O-O Nf6 10. f3 Bc5 11. Qd2 Qb6 12. Rad1 O-O 13. Kf2 Nxd4 14. Bxd4 d5 15. exd5 Nxd5 16. Nxd5 Bxd5 17. Bxc5 Qxc5+ 18. Qd4 Qxc2 19. Rc1 Qg6 20. Rc7 Rfc8 21. Rfc1 Rd8 22. Qe5 Qh6 23. h3 Bb3 24. R1c3 Bd1 25. Bxd1 Rxd1 26. Rc8+ Rd8 27. Qc7 Qd2+ 28. Kg1 Qd1+ 29. Kh2 Raxc8 30. Qxc8 Qd6+ 31. Kg1 Rxc8 32. Rxc8+ Qf8 33. Rxf8+ Kxf8 34. Kf2 Ke7 35. Ke3 Kd6 36. Kd4 f6 37. b4 Kc6 38. f4 Kd6 39. g3 e5+ 40. fxe5+ fxe5+ 41. Ke4 Ke6 42. g4 g5 43. Ke3 Kd5 44. Kd3 e4+ 45. Ke3 Ke5 46. Ke2 Kf4 47. Kf2 e3+ 48. Ke2 Ke4 49. Ke1 Kf3 50. Kf1 e2+ 51. Ke1 h6 0-1


[Site "https://www.chess.com"]

[Event "Titled Tuesday Blitz August 15 Early 2023"]
[White "arenal72"]
[Black "bteillet"]
[WhiteElo "2486"]
[BlackElo "2282"]
[Result "1-0"]
[Round "11"]
[TimeControl "180+1"]
[Date "2023.08.15"]
[WhiteClock "0:01:49"]
[BlackClock "0:01:06"]
[Board "94"]

1. e4 d6 2. d4 Nf6 3. Nc3 g6 4. Bg5 Bg7 5. e5 dxe5 6. dxe5 Qxd1+ 7. Rxd1 Ng4 8. h3 Nxe5 9. Nd5 O-O 10. Nxc7 Nbc6 11. Nxa8 Bf5 12. Nc7 Bxc2 13. Rd2 Bf5 14. f4 Nd7 15. Nf3 Nc5 16. Nd5 f6 17. Bh4 Ne4 18. Re2 g5 19. Bf2 Rd8 20. Ne3 gxf4 21. Nxf5 Ng5 22. Nxg5 fxg5 23. Nxe7+ Nxe7 24. Rxe7 Bxb2 25. Bc4+ Kf8 26. Rf7+ Ke8 27. Rxh7 Bc3+ 28. Ke2 Rd2+ 29. Kf3 1-0


[Site "https://www.chess.com"]

[Event "Titled Tuesday Blitz August 15 Early 2023"]
[White "Melikhov, Evgeny V."]
[Black "Deng, Henry"]
[WhiteFideId "4122046"]
[BlackFideId "30965454"]
[WhiteElo "2401"]
[BlackElo "2550"]
[Result "0-1"]
[Round "11"]
[TimeControl "180+1"]
[Date "2023.08.15"]
[WhiteClock "0:01:22"]
[BlackClock "0:01:21"]
[Board "95"]

1. d4 d5 2. c4 c6 3. Nc3 Nf6 4. e3 e6 5. Nf3 Nbd7 6. Bd3 dxc4 7. Bxc4 b5 8. Bd3 b4 9. Ne4 Bb7 10. O-O Nxe4 11. Bxe4 Nf6 12. Nd2 Be7 13. Bf3 O-O 14. Nc4 Qc7 15. Bd2 c5 16. Qb3 Bxf3 17. gxf3 cxd4 18. Bxb4 Rfb8 19. Ba5 Qc5 20. Qc2 Rc8 21. Rfc1 Qg5+ 22. Kf1 Rxc4 23. Qxc4 Qxa5 24. Qxd4 h6 25. a3 Qf5 26. f4 Rd8 27. Qxa7 Bf8 28. Qb7 Ne4 29. Rd1 Qh3+ 30. Ke2 Qg4+ 31. Ke1 Qg1+ 0-1


[Site "https://www.chess.com"]

[Event "Titled Tuesday Blitz August 15 Early 2023"]
[White "Rodchenkov, Sergey D."]
[Black "Avazkhonov, Alikhon"]
[WhiteFideId "4168712"]
[BlackFideId "14208504"]
[WhiteElo "2499"]
[BlackElo "2399"]
[Result "1-0"]
[Round "11"]
[TimeControl "180+1"]
[Date "2023.08.15"]
[WhiteClock "0:01:30"]
[BlackClock "0:00:06"]
[Board "96"]

1. e4 c5 2. Nf3 d6 3. d4 cxd4 4. Nxd4 Nf6 5. Nc3 a6 6. Bg5 e6 7. f4 h6 8. Bh4 Be7 9. Qf3 Nbd7 10. O-O-O Qc7 11. g4 b5 12. Bxf6 Nxf6 13. g5 hxg5 14. fxg5 Nd7 15. g6 Bg5+ 16. Kb1 Ne5 17. gxf7+ Qxf7 18. Qg2 Bf6 19. Bd3 Bb7 20. Ncxb5 axb5 21. Nxb5 O-O-O 22. Qf2 Bh4 23. Qb6 Nc6 24. Bc4 Bf2 25. Bxe6+ Kb8 26. Qxd8+ Nxd8 27. Bxf7 Nxf7 28. Rhf1 Rxh2 29. Rd2 Bxe4 30. Rdxf2 Rxf2 31. Rxf2 Bg6 32. Rg2 Ne5 33. Nxd6 Kc7 34. Nc4 1-0


[Site "https://www.chess.com"]

[Event "Titled Tuesday Blitz August 15 Early 2023"]
[White "Slovineanu, Viacheslav"]
[Black "Marn, Jan"]
[WhiteFideId "13900510"]
[BlackFideId "14619245"]
[WhiteElo "2372"]
[BlackElo "2486"]
[Result "1-0"]
[Round "11"]
[TimeControl "180+1"]
[Date "2023.08.15"]
[WhiteClock "0:01:31"]
[BlackClock "0:01:43"]
[Board "97"]

1. d4 d6 2. e4 g6 3. Nc3 Bg7 4. Be3 a6 5. h4 h6 6. Nf3 b5 7. Bd3 Bb7 8. e5 Nd7 9. e6 Ndf6 10. Qe2 fxe6 11. Bxg6+ Kd7 12. O-O-O Ng4 13. Bf4 N8f6 14. Bf7 c6 15. Bxe6+ Kc7 16. Rhe1 h5 17. Ng5 Rf8 18. Bxg4 Nxg4 19. Ne6+ Kb6 20. Nxd8 Raxd8 21. g3 e5 22. dxe5 dxe5 23. Rxd8 Rxd8 24. Be3+ c5 25. f3 Nf6 26. Rd1 Nd5 27. Bg5 Nxc3 28. Bxd8+ 1-0


[Site "https://www.chess.com"]

[Event "Titled Tuesday Blitz August 15 Early 2023"]
[White "Gurevich, Dmitry"]
[Black "Topalov, Aleksandar"]
[WhiteFideId "2000407"]
[BlackFideId "925659"]
[WhiteElo "2460"]
[BlackElo "2365"]
[Result "0-1"]
[Round "11"]
[TimeControl "180+1"]
[Date "2023.08.15"]
[WhiteClock "0:00:00"]
[BlackClock "0:00:04"]
[Board "98"]

1. d4 e6 2. c4 f5 3. g3 Nf6 4. Bg2 Be7 5. Nc3 O-O 6. Nf3 d6 7. O-O Ne4 8. Qc2 Nxc3 9. Qxc3 Bf6 10. b3 Nc6 11. Bb2 e5 12. e3 e4 13. Nd2 d5 14. cxd5 Ne7 15. d6 cxd6 16. Rfc1 Nd5 17. Qc4 Be6 18. Qb5 Qe7 19. Bf1 a6 20. Qe2 Nb4 21. Qd1 Nd3 22. Bxd3 exd3 23. Rc3 Bd5 24. Rxd3 Rac8 25. Rc1 Qe6 26. Rdc3 Rc6 27. Rxc6 bxc6 28. Qf1 Bg5 29. Re1 Re8 30. Qxa6 f4 31. Qe2 fxg3 32. hxg3 Qh3 33. e4 Bxd2 34. Qxd2 Rxe4 35. Rxe4 Bxe4 36. f3 Qxg3+ 37. Qg2 Qxf3 38. Qxf3 Bxf3 39. Ba3 Be4 40. Bxd6 Bd5 41. Kf2 Kf7 42. Ke3 Ke6 43. Bf8 g5 44. Bh6 Kf5 45. Kf2 Kg4 46. Kg1 Kh5 47. Bf8 Kg6 48. Kf2 h5 49. Be7 h4 50. Bd8 Kh5 0-1


[Site "https://www.chess.com"]

[Event "Titled Tuesday Blitz August 15 Early 2023"]
[White "Goswami, Vedant"]
[Black "Liu, Casper"]
[WhiteFideId "5003725"]
[BlackFideId "1454153"]
[WhiteElo "2331"]
[BlackElo "2455"]
[Result "0-1"]
[Round "11"]
[TimeControl "180+1"]
[Date "2023.08.15"]
[WhiteClock "0:00:14"]
[BlackClock "0:01:32"]
[Board "99"]

1. c4 a6 2. Nc3 Nf6 3. e4 b5 4. e5 b4 5. exf6 bxc3 6. fxg7 cxd2+ 7. Bxd2 Bxg7 8. Qc2 Nc6 9. Nf3 d6 10. Bc3 e5 11. Bd3 Qf6 12. Be4 Bd7 13. c5 O-O 14. O-O Qh6 15. Rad1 f5 16. Bd2 Qh5 17. Bd5+ Kh8 18. cxd6 cxd6 19. Bc3 Rac8 20. Qe2 Ne7 21. Rfe1 Bb5 22. Qd2 Nxd5 23. Qxd5 Bc6 24. Qxd6 Bxf3 25. gxf3 Rf6 26. Qd8+ Rxd8 27. Rxd8+ Rf8 28. Rxf8+ Bxf8 29. Bxe5+ Kg8 30. Bg3 Qxf3 0-1


[Site "https://www.chess.com"]

[Event "Titled Tuesday Blitz August 15 Early 2023"]
[White "Spichkin, Alexander"]
[Black "Kiselev, Pavel"]
[WhiteFideId "4144074"]
[BlackFideId "4191102"]
[WhiteElo "2455"]
[BlackElo "2330"]
[Result "1-0"]
[Round "11"]
[TimeControl "180+1"]
[Date "2023.08.15"]
[WhiteClock "0:01:08"]
[BlackClock "0:00:39"]
[Board "100"]

1. f4 e5 2. Nf3 exf4 3. d4 d5 4. Bxf4 Nf6 5. Qd3 c6 6. Nc3 Bd6 7. e3 Bxf4 8. exf4 Bg4 9. Ne5 Be6 10. O-O-O Na6 11. a3 Qc8 12. h3 Bf5 13. Qe2 Qe6 14. g4 Be4 15. Rg1 O-O-O 16. g5 Nd7 17. Nxe4 dxe4 18. h4 f6 19. f5 Qe7 20. Nxc6 bxc6 21. Qxa6+ Kb8 22. Rg3 Nb6 23. Rb3 Rd5 24. Bc4 Rxf5 25. d5 Rd8 26. a4 cxd5 27. Be2 Ka8 28. a5 Qb7 29. Qb5 Re5 30. axb6 d4 31. Qa4 d3 32. cxd3 exd3 33. Rdxd3 Rc8+ 34. Rdc3 Rxc3+ 35. Rxc3 Qxb6 36. Bf3+ Kb8 37. Rb3 Rc5+ 38. Kb1 Rc1+ 39. Kxc1 1-0


[Site "https://www.chess.com"]

[Event "Titled Tuesday Blitz August 15 Early 2023"]
[White "Konenkin, Dmitry"]
[Black "Dong Khanh Linh"]
[WhiteFideId "4185781"]
[BlackFideId "12403040"]
[WhiteElo "2314"]
[BlackElo "2453"]
[Result "1-0"]
[Round "11"]
[TimeControl "180+1"]
[Date "2023.08.15"]
[WhiteClock "0:00:28"]
[BlackClock "0:00:16"]
[Board "101"]

1. d4 f5 2. Bg5 h6 3. Bh4 g5 4. Bg3 Nf6 5. e3 e6 6. h4 Rg8 7. hxg5 hxg5 8. Nc3 b6 9. Nf3 Bb7 10. Bc4 Bb4 11. Be5 Ne4 12. Qd3 d6 13. Bh2 g4 14. Bxe6 Rf8 15. Nd2 Nxd2 16. Kxd2 Bxg2 17. Bxf5 Bxc3+ 18. Kxc3 Bxh1 19. Bg6+ Kd7 20. Rxh1 Qf6 21. Bg3 Nc6 22. Rh7+ Kc8 23. Qc4 Ne7 24. Be4 Rb8 25. Qa6+ Kd7 26. Bh4 1-0


[Site "https://www.chess.com"]

[Event "Titled Tuesday Blitz August 15 Early 2023"]
[White "Shapiro, Daniel"]
[Black "Sanhueza, Cristian"]
[WhiteFideId "2001780"]
[BlackFideId "116815"]
[WhiteElo "2311"]
[BlackElo "2425"]
[Result "0-1"]
[Round "11"]
[TimeControl "180+1"]
[Date "2023.08.15"]
[WhiteClock "0:00:22"]
[BlackClock "0:00:41"]
[Board "102"]

1. d4 Nf6 2. c4 g6 3. Nc3 Bg7 4. e4 d6 5. Be2 O-O 6. Nf3 e5 7. O-O exd4 8. Nxd4 Re8 9. f3 Nc6 10. Nb3 a5 11. a3 a4 12. Nd2 Nh5 13. g3 Bh3 14. Re1 Bd4+ 15. Kh1 Bf2 16. f4 Bxe1 17. Qxe1 Ng7 18. Nf3 Bg4 19. Bd2 Ne6 20. Nd5 Bxf3+ 21. Bxf3 Ncd4 22. Bd1 c6 23. Nc3 Nc5 24. Be3 Qf6 25. Qg1 Ndb3 26. e5 dxe5 27. Rb1 b6 28. Bc2 exf4 29. Bxf4 g5 30. Be3 Qf3+ 31. Qg2 Qxg2+ 32. Kxg2 Rxe3 0-1


[Site "https://www.chess.com"]

[Event "Titled Tuesday Blitz August 15 Early 2023"]
[White "Smietanska, Wiktoria"]
[Black "Kielinkei"]
[WhiteFideId "21869359"]
[WhiteElo "2295"]
[BlackElo "2416"]
[Result "0-1"]
[Round "11"]
[TimeControl "180+1"]
[Date "2023.08.15"]
[WhiteClock "0:00:58"]
[BlackClock "0:00:57"]
[Board "103"]

1. c4 e5 2. Nc3 d6 3. d4 exd4 4. Qxd4 Nc6 5. Qd2 g6 6. b3 Bg7 7. Bb2 Nge7 8. Nf3 O-O 9. g3 h6 10. Bg2 Be6 11. O-O Qd7 12. Rfd1 a6 13. e4 Rfe8 14. Nd5 Ne5 15. Nxe5 dxe5 16. Nf6+ Bxf6 17. Qxd7 Bxd7 18. Rxd7 Rac8 19. f4 Nc6 20. Rf1 Red8 21. Bh3 Rxd7 22. Bxd7 Rd8 23. fxe5 Nxe5 24. Rxf6 Nxd7 25. Rf1 Nc5 26. e5 Rd2 27. Bc3 Rxa2 28. Rd1 Ne6 29. Rd7 Ra3 30. Bb4 Rxb3 31. Be7 Rc3 32. Bf6 Rxc4 33. Re7 Kf8 34. Rd7 Rd4 35. Re7 a5 0-1


[Site "https://www.chess.com"]

[Event "Titled Tuesday Blitz August 15 Early 2023"]
[White "Harriott, Tyrell"]
[Black "Fernandez Hernandez, Gerardo"]
[WhiteFideId "2086484"]
[BlackFideId "2207400"]
[WhiteElo "2416"]
[BlackElo "2254"]
[Result "1-0"]
[Round "11"]
[TimeControl "180+1"]
[Date "2023.08.15"]
[WhiteClock "0:01:32"]
[BlackClock "0:00:00"]
[Board "104"]

1. d4 Nf6 2. e3 g6 3. Bd3 Bg7 4. f4 O-O 5. Nf3 d6 6. O-O Nbd7 7. f5 e5 8. fxe6 fxe6 9. Ng5 Qe7 10. Qe1 e5 11. Qh4 h6 12. Ne4 g5 13. Nxg5 hxg5 14. Qxg5 e4 15. Bc4+ d5 16. Bb3 c6 17. c4 Nb6 18. cxd5 Nbxd5 19. Nc3 Be6 20. Nxe4 Nxe4 21. Qxe7 Nxe7 22. Bxe6+ Kh8 23. Rf3 Ng5 24. Rxf8+ Rxf8 25. Bc4 Nd5 26. Bd3 Re8 27. Kf2 Ne4+ 28. Kf3 Ng5+ 29. Kf2 Ne4+ 30. Kf3 Ng5+ 31. Kg4 Bh6 32. Bg6 Nxe3+ 33. Kh5 Nxg2 34. Bxe8 Nf4+ 35. Bxf4 1-0


[Site "https://www.chess.com"]

[Event "Titled Tuesday Blitz August 15 Early 2023"]
[White "le-castor-faineant"]
[Black "Gheorghiu, Calin"]
[BlackFideId "1200305"]
[WhiteElo "2209"]
[BlackElo "2415"]
[Result "0-1"]
[Round "11"]
[TimeControl "180+1"]
[Date "2023.08.15"]
[WhiteClock "0:00:02"]
[BlackClock "0:00:11"]
[Board "105"]

1. e4 e6 2. Nf3 d5 3. e5 c5 4. b4 cxb4 5. a3 bxa3 6. Bxa3 Bxa3 7. Nxa3 Ne7 8. d4 O-O 9. Bd3 Nbc6 10. c3 f6 11. exf6 gxf6 12. Nc2 Bd7 13. Qe2 Qe8 14. O-O Qh5 15. Rfb1 b6 16. c4 Rae8 17. c5 bxc5 18. dxc5 Rb8 19. Qd2 e5 20. Be2 Qg6 21. Nb4 Nxb4 22. Rxb4 Rxb4 23. Qxb4 Nc6 24. Qd2 d4 25. Bc4+ Kh8 26. Bd5 Ne7 27. Bc4 Bc6 28. Rxa7 Bxf3 29. Bf1 Rb8 30. Ra3 Bd5 31. h3 Rb1 32. f3 Nf5 33. Qa5 Ne3 34. Qd8+ Kg7 35. Ra7+ Kh6 36. Qf8+ Kg5 37. Rg7 Rxf1+ 38. Kh2 Rf2 39. Rxg6+ hxg6 40. h4+ Kf5 41. Kg3 Rxg2+ 42. Kh3 Rf2 43. Qc8+ Be6 44. Qh8 Rxf3+ 45. Kh2 Ng4+ 46. Kg2 Bd5 47. Qc8+ Kf4 48. c6 Rc3+ 49. Kg1 Rc1# 0-1


[Site "https://www.chess.com"]

[Event "Titled Tuesday Blitz August 15 Early 2023"]
[White "Iskusnyh, Sergei"]
[Black "Amanov, Zhanibek"]
[WhiteFideId "4120027"]
[BlackFideId "13700189"]
[WhiteElo "2618"]
[BlackElo "2356"]
[Result "1-0"]
[Round "11"]
[TimeControl "180+1"]
[Date "2023.08.15"]
[WhiteClock "0:00:51"]
[BlackClock "0:00:06"]
[Board "106"]

1. d4 d5 2. c4 c6 3. Nf3 Nf6 4. e3 a6 5. Bd3 g6 6. Nbd2 Bg4 7. O-O Bg7 8. Qc2 O-O 9. Ne5 Bc8 10. c5 Nbd7 11. f4 e6 12. b4 Nxe5 13. fxe5 Ng4 14. Nf3 Nh6 15. e4 dxe4 16. Bxe4 Nf5 17. Bxf5 exf5 18. Bg5 Qd5 19. Qd2 Be6 20. Bf6 h6 21. a3 Kh7 22. Rad1 Bxf6 23. exf6 Rfd8 24. Rfe1 a5 25. b5 cxb5 26. Qf4 Rd7 27. Re3 b4 28. Ng5+ hxg5 29. Qxg5 Kg8 30. Rh3 Qb3 31. Rh8+ Kxh8 32. Qh6+ Kg8 33. Qg7# 1-0


[Site "https://www.chess.com"]

[Event "Titled Tuesday Blitz August 15 Early 2023"]
[White "Petre, Nad-Titus"]
[Black "Pershina, Elena"]
[WhiteFideId "1204165"]
[BlackFideId "24147516"]
[WhiteElo "2582"]
[BlackElo "2354"]
[Result "1-0"]
[Round "11"]
[TimeControl "180+1"]
[Date "2023.08.15"]
[WhiteClock "0:00:09"]
[BlackClock "0:00:05"]
[Board "107"]

1. Nf3 d5 2. g3 c5 3. Bg2 Nc6 4. d4 cxd4 5. Nxd4 e5 6. Nxc6 bxc6 7. c4 Nf6 8. O-O Be7 9. Nc3 Be6 10. cxd5 cxd5 11. Qa4+ Qd7 12. Qxd7+ Kxd7 13. Rd1 Rhc8 14. Bg5 Rab8 15. Bxf6 Bxf6 16. Bxd5 Ke7 17. Bxe6 Kxe6 18. Rd2 e4 19. Nxe4 Bxb2 20. Rb1 Ba3 21. Rxb8 Rxb8 22. f4 h6 23. Kf2 f5 24. Nc3 Bb4 25. Rd3 Bxc3 26. Rxc3 Rb7 27. Rc6+ Kd5 28. Ra6 Ke4 29. Ra5 Rf7 30. e3 Kd3 31. Kf3 g5 32. Rd5+ Kc4 33. Rd6 g4+ 34. Ke2 Rb7 35. Rd4+ Kc3 36. Rd2 h5 37. Rd3+ Kc4 38. e4 fxe4 39. Ra3 Kd4 40. Ra4+ Kd5 41. Ke3 Rc7 42. Ra5+ Kc4 43. Kxe4 Kc3 44. f5 Kd2 45. Kf4 Ke2 46. Kg5 Kf2 47. Kxh5 Kg2 48. Kxg4 Kxh2 49. f6 Rf7 50. Kg5 Kxg3 51. Kg6 Rb7 52. f7 Kf4 1-0


[Site "https://www.chess.com"]